 Dungeon Crawl Stone Soup version 0.21-a0-283-g622b906 (webtiles) character file.

2262 nikopol the Cleaver (level 9, -8/78 HPs)
             Began as a Minotaur Fighter on Sept 24, 2017.
             Mangled by an ice beast (11 damage)
             ... on level 7 of the Dungeon.
             The game lasted 00:09:56 (5851 turns).

nikopol the Cleaver (Minotaur Fighter)              Turns: 5851, Time: 00:09:56

Health: -8/78      AC: 11    Str: 28    XL:     9   Next: 15%
Magic:  8/8        EV:  9    Int:  5    God:
Gold:   298        SH: 12    Dex: 11    Spells: 8/8 levels left

rFire    . . .     SeeInvis .   a - +0 war axe
rCold    . . .     Gourm    .   c - +1 shield
rNeg     . . .     Faith    .   b - +0 scale mail
rPois    .         Spirit   .   (helmet restricted)
rElec    .         Reflect  .   (no cloak)
rCorr    +         Harm     .   m - +0 pair of gloves
MR       .....                  x - +1 pair of boots
Stlth    ..........             (no amulet)
HPRegen  0.23/turn              e - ring of resist corrosion
MPRegen  0.11/turn              (no ring)

@: mighty, lethally poisoned (-8 -> -11)
A: retaliatory headbutt, horns 2
a: no special abilities


You were on level 7 of the Dungeon.
You were not hungry.

You visited 2 branches of the dungeon, and saw 8 of its levels.

You collected 298 gold pieces.

Inventory:

Hand Weapons
 a - a +0 war axe (weapon)
Armour
 b - a +0 scale mail (worn)
 c - a +1 shield (worn)
 m - a +0 pair of gloves (worn)
 u - a +0 ring mail of fire resistance
 x - a +1 pair of boots (worn)
Jewellery
 e - a ring of resist corrosion (left hand)
Wands
 p - a wand of iceblast (7/15)
 s - a wand of iceblast (2/15)
Scrolls
 g - a scroll of recharging {unknown}
 h - a scroll of remove curse
 l - a scroll of fear
 n - a scroll of enchant weapon {unknown}
 q - a scroll of fog {unknown}
 v - 2 scrolls of enchant armour
 y - a scroll of teleportation {unknown}
 z - 3 scrolls of identify
Potions
 d - a potion of might
 i - 5 potions of flight
 k - 2 potions of brilliance
 r - a potion of mutation
 t - a potion of cancellation
 w - a potion of berserk rage {unknown}
 A - a potion of lignification {unknown}
 B - a potion of curing {unknown}
 C - a potion of resistance {unknown}
Comestibles
 f - 3 bread rations
 j - 3 royal jellies
 o - a chunk of flesh


   Skills:
 + Level 6.9 Fighting
 + Level 9.7 Axes
 + Level 7.3 Armour
 + Level 2.1 Dodging
 + Level 1.4 Stealth
 + Level 7.0 Shields


You had 8 spell levels left.
You didn't know any spells.

Dungeon Overview and Level Annotations

Branches:
Dungeon (7/15)             Temple (1/1) D:5

Altars:
Dithmenos
Elyvilon
Fedhas
Kikubaaqudgha
Makhleb
Okawaru
Sif Muna
Trog
Wu Jian
Xom
Yredelemnul
The Shining One


Innate Abilities, Weirdness & Mutations

You reflexively headbutt those who attack you in melee.
You have a pair of horns on your head.


Message History

An orc comes into view. It is wielding a club.
You hit the ice beast.
The ice beast is lightly wounded.
You barely miss the kobold.
You feel sick.
The ice beast hits you but does no damage.
The kobold hits you but does no damage.
The kobold throws a stone.
The stone hits you but does no damage.
You slash the ice beast!
The ice beast is moderately wounded.
You slash the kobold!
You kill the kobold!
You hit the adder.
You feel sick. You block the ice beast's attack. You block the adder's attack.
You feel very mighty all of a sudden. The adder bites you.
* * * LOW HITPOINT WARNING * * *
The ice beast hits you.
* * * LOW HITPOINT WARNING * * *
The ice beast freezes you!
You die...

#. ##.................
###.##...#..............
........##...........^..
.........#.#...........(
...........##....)......
...../).................
..........#........(....
......)).##=............
......K@.#...........(..
.....KYS....#.........(.
...>....#...#..........#
....K####..............#
....o ..##.....§.§.##
..... ...#......§.§.
.... ..#.........# ...
.. #######.#


You could see an ice beast, an adder, an orc and 3 kobolds.

Vanquished Creatures
  Grinder (D:5)
  Prince Ribbit (D:6)
  Sigmund (D:4)
  Duvessa (D:6)
  An orc warrior (D:6)
  An ice beast (D:6)
  A phantom (D:5)
  2 ogres
  3 centaurs
  A bullfrog (D:7)
  Dowan (D:6)
  A wyvern skeleton (D:6)
  A scorpion (D:4)
  4 killer bees (D:7)
  2 jellies
  A hound (D:6)
  2 orc wizards
  A bullfrog skeleton (D:6)
  Natasha (thrice) (D:2)
  An iguana (D:5)
  2 worker ants
  Robin (D:2)
  10 adders
  3 gnolls (D:2)
  A shadow imp (D:6)
  An ooze (D:4)
  An adder skeleton (D:4)
  3 worms
  3 dart slugs
  3 leopard geckos
  14 orcs
  4 giant cockroaches
  10 hobgoblins
  4 jackals (D:4)
  2 quokkas (D:2)
  A ball python (D:3)
  A ball python skeleton (D:6)
  7 bats
  2 frilled lizards
  14 goblins
  7 kobolds
  A leopard gecko skeleton (D:4)
  A quokka zombie (D:4)
  7 rats
  A rat zombie (D:4)
134 creatures vanquished.

Notes
Turn   | Place    | Note
-------+----------+-------------------------------------------
     0 | D:1      | nikopol the Minotaur Fighter began the quest for the Orb.
     0 | D:1      | Reached XP level 1. HP: 19/19 MP: 0/0
    92 | D:1      | Reached XP level 2. HP: 25/27 MP: 1/1
   808 | D:2      | Reached XP level 3. HP: 31/33 MP: 2/2
  1006 | D:2      | Reached skill level 3 in Axes
  1082 | D:2      | Noticed Natasha
  1084 | D:2      | Noticed Robin
  1088 | D:2      | Reached XP level 4. HP: 26/40 MP: 3/3
  1094 | D:2      | Killed Natasha
  1101 | D:2      | Killed Robin
  1101 | D:2      | Reached skill level 4 in Axes
  1347 | D:2      | Noticed Natasha
  1354 | D:2      | Killed Natasha
  1354 | D:2      | Reached XP level 5. HP: 35/47 MP: 4/4
  1425 | D:2      | Noticed Natasha
  1433 | D:2      | Killed Natasha
  2181 | D:3      | Reached skill level 5 in Axes
  2263 | D:3      | Reached XP level 6. HP: 51/53 MP: 5/5
  2391 | D:4      | Found a bloodstained altar of Trog.
  2458 | D:4      | Noticed Sigmund
  2488 | D:4      | Killed Sigmund
  2488 | D:4      | Reached skill level 6 in Axes
  2488 | D:4      | Reached skill level 5 in Armour
  2488 | D:4      | Reached skill level 1 in Dodging
  2488 | D:4      | Reached skill level 5 in Shields
  2845 | D:4      | HP: 1/55 [ogre/giant club (16)]
  2847 | D:4      | Reached skill level 5 in Fighting
  2847 | D:4      | Reached XP level 7. HP: 2/61 MP: 6/6
  3350 | D:5      | Entered Level 5 of the Dungeon
  3369 | D:5      | Found a deep blue altar of Sif Muna.
  3436 | D:5      | Found a staircase to the Ecumenical Temple.
  3446 | Temple   | Entered the Ecumenical Temple
  3995 | D:5      | Reached skill level 7 in Axes
  4052 | D:5      | Noticed Grinder
  4055 | D:5      | Paralysed by Grinder for 3 turns
  4066 | D:5      | Killed Grinder
  4529 | D:6      | Reached XP level 8. HP: 18/69 MP: 7/7
  4873 | D:6      | Found an iron altar of Okawaru.
  4934 | D:6      | Reached skill level 1 in Stealth
  5003 | D:6      | Reached skill level 8 in Axes
  5130 | D:6      | Noticed Duvessa
  5130 | D:6      | Noticed Dowan
  5140 | D:6      | Killed Duvessa
  5146 | D:6      | Killed Dowan
  5617 | D:6      | Noticed Prince Ribbit
  5634 | D:6      | Killed Prince Ribbit
  5634 | D:6      | Reached skill level 9 in Axes
  5790 | D:7      | Reached XP level 9. HP: 72/78 MP: 8/8
  5851 | D:7      | HP: 3/78 [ice beast (4)]
  5851 | D:7      | Mangled by an ice beast

Vault maps used:
D:1:      dpeg_arrival_ternary
D:2:      uniq_natasha, uniq_robin
D:3:      first_bread
D:4:      nicolae_overflow_hidden_temple, enter_ossuary_4, uniq_sigmund
D:5:      overflow_temple_1_default, lemuel_temple_firewalk_b, uniq_grinder
D:6:      okawaru_trees_1, uniq_prince_ribbit1, uniq_duvessa
D:7:      grunt_dithmenos_smoke_and_mirrors
Temple:   compressed_dpeg_triangle_lava_temple

Skill      XL: |  1  2  3  4  5  6  7  8  9 |
---------------+----------------------------+-----
Armour         | 4 5 6 7 |  7.3
Fighting       | 4 5 6 |  6.9
Shields        | 4 5 6 7 |  7.0
Axes           | 3 4 5 6 7 9 |  9.7
Dodging        | 1 2 |  2.1
Stealth        | 1 |  1.4

Action                   |  1- 3 |  4- 6 |  7- 9 || total
-------------------------+-------+-------+-------++-------
Melee: War axe           |    64 |   133 |   189 ||   386
       Headbutt          |     7 |    20 |    35 ||    62
  Use: Scroll            |       |     8 |       ||     8
       Potion            |       |       |     1 ||     1
  Eat: Chunk             |     1 |     5 |     5 ||    11
       Meat ration       |       |       |     1 ||     1
Armor: Scale mail        |    37 |    46 |    94 ||   177
Dodge: Dodged            |    25 |    34 |    62 ||   121
Block: Shield            |    32 |    59 |   131 ||   222

Table legend:
 A = Spawn XP
 B = Non-spawn XP
 C = Spawn XP percentage of total XP
 D = Spawn monster count
 E = Non-spawn monster count
 F = Spawn count percentage of total count
 G = Total turns spent on level
                    A         B        C        D         E        F      G
               +---------+---------+-------+---------+---------+-------+---------
         Total |       0 |    3232 |   0.0 |       0 |     134 |   0.0 |  5851
               +---------+---------+-------+---------+---------+-------+---------
           D:1 |       0 |      28 |   0.0 |       0 |      15 |   0.0 |   564
           D:2 |       0 |     228 |   0.0 |       0 |      35 |   0.0 |  1230
           D:3 |       0 |     126 |   0.0 |       0 |      24 |   0.0 |   588
           D:4 |       0 |     474 |   0.0 |       0 |      17 |   0.0 |   968
           D:5 |       0 |     484 |   0.0 |       0 |       5 |   0.0 |   905
           D:6 |       0 |    1336 |   0.0 |       0 |      21 |   0.0 |  1283
           D:7 |       0 |     556 |   0.0 |       0 |      17 |   0.0 |    83
               +---------+---------+-------+---------+---------+-------+---------
